PR
HUDSONVILLE FLANDERSES @ TWINSBURG TIGERS
09/06/2042
 
TOP OF THE 1ST
Hudsonville Flanderses batting - Pitching for Twinsburg Tigers : RHP Vicente Zanga
Pitching: RHP Vicente Zanga
Batting: LHB Lasse Karsberg 0-0: Bunt for hit to 3S - play at first, batter OUT! 3-4
Batting: RHB Jonathan Long 0-0: SINGLE (Line Drive, 89S, EV 105.0 MPH)
Batting: LHB Victor de Bree 0-0: Ball
1-0: Ball
2-0: Ball
3-0: Called Strike
3-1: Fly out, F8 (Flyball, 89S, EV 90.6 MPH)
Batting: SHB Bailey Stuart 0-0: Fly out, F9 (Flyball, 9S, EV 83.1 MPH)
Top of the 1st over - 0 runs, 1 hit, 0 errors, 1 left on base; Hudsonville 0 - Twinsburg 0
BOTTOM OF THE 1ST
Twinsburg Tigers batting - Pitching for Hudsonville Flanderses : RHP Kyle Conley
Pitching: RHP Kyle Conley
Batting: LHB Keith Garner 0-0: Ball
1-0: Called Strike
1-1: Foul Ball, location: 2F
1-2: SINGLE (Line Drive, 7S, EV 93.8 MPH)
Batting: RHB Alex Kelley 0-0: Called Strike
0-1: Ball
1-1: Foul Ball, location: 2F
1-2: Ball
Keith Garner is caught stealing 2nd base 2-4
2-2: Fly out, F8 (Line Drive, 8LD, EV 101.2 MPH)
Batting: SHB Sherwin Tacod 0-0: Ball
1-0: Foul Ball, location: 2F
1-1: Ball
2-1: Ball
3-1: SOLO HOME RUN (Flyball, 9D, EV 91.9 MPH), Distance : 363 ft
Batting: LHB Ole Geenen 0-0: Foul Ball, location: 2F
0-1: Foul Ball, location: 2F
0-2: Foul Ball, location: 2F
0-2: Ground out 6-3 (Groundball, 6, EV 80.6 MPH)
Bottom of the 1st over - 1 run, 2 hits, 0 errors, 0 left on base; Hudsonville 0 - Twinsburg 1
TOP OF THE 2ND
Hudsonville Flanderses batting - Pitching for Twinsburg Tigers : RHP Vicente Zanga
Batting: RHB Tony Mendoza 0-0: Foul Ball, location: 2F
0-1: Ground out 5-3 (Groundball, 56, EV 85.0 MPH)
Batting: LHB Virgil Hughes 0-0: Swinging Strike
0-1: Ball
1-1: Called Strike
1-2: Ball
2-2: Ball
3-2: Fly out, F9 (Flyball, 9LM, EV 91.9 MPH)
Batting: LHB Ben Yunusov 0-0: Ball
1-0: Foul Ball, location: 2F
1-1: Called Strike
1-2: Ball
2-2: Ball
3-2: Ground out 6-3 (Groundball, 6, EV 86.2 MPH)
Top of the 2nd over - 0 runs, 0 hits, 0 errors, 0 left on base; Hudsonville 0 - Twinsburg 1
BOTTOM OF THE 2ND
Twinsburg Tigers batting - Pitching for Hudsonville Flanderses : RHP Kyle Conley
Batting: RHB Art Hensley 0-0: Called Strike
0-1: Ball
1-1: Ball
2-1: Ball
3-1: Base on Balls
Batting: LHB Ray Winters 0-0: Ball
1-0: Ball
2-0: Called Strike
2-1: Swinging Strike
2-2: Strikes out swinging
Batting: RHB Aaron Carter 0-0: Ball
Art Hensley steals 2nd base
1-0: Called Strike
1-1: Ball
Art Hensley is caught stealing 3rd base 2-5
2-1: SINGLE (Groundball, 25, EV 61.2 MPH) (infield hit)
Batting: RHB Keith Wilfred 0-0: Foul Ball, location: 2F
0-1: Ball
1-1: Foul Ball, location: 2F
1-2: Ground out 4-3 (Groundball, 4, EV 104.4 MPH)
Bottom of the 2nd over - 0 runs, 1 hit, 0 errors, 1 left on base; Hudsonville 0 - Twinsburg 1
TOP OF THE 3RD
Hudsonville Flanderses batting - Pitching for Twinsburg Tigers : RHP Vicente Zanga
Batting: RHB Mike Marcus 0-0: Called Strike
0-1: Ball
1-1: Called Strike
1-2: Foul Ball, location: 2F
1-2: Strikes out swinging
Batting: RHB Danny McElroy 0-0: Foul Ball, location: 2F
0-1: Foul Ball, location: 2F
0-2: SINGLE (Flyball, 9LM, EV 90.0 MPH)
Batting: LHB Lasse Karsberg Pickoff Throw to First - Out! 1-3
0-0: Ball
1-0: Swinging Strike
1-1: Ball
2-1: Foul Ball, location: 2F
2-2: Strikes out swinging
Top of the 3rd over - 0 runs, 1 hit, 0 errors, 0 left on base; Hudsonville 0 - Twinsburg 1
BOTTOM OF THE 3RD
Twinsburg Tigers batting - Pitching for Hudsonville Flanderses : RHP Kyle Conley
Batting: RHB Tim Davis 0-0: Ball
1-0: Ball
2-0: Called Strike
2-1: Fly out, F9 (Flyball, 89D, EV 88.8 MPH)
Batting: LHB Keith Garner 0-0: Ball
1-0: Fly out, F7 (Flyball, 7, EV 82.5 MPH)
Batting: RHB Alex Kelley 0-0: Foul Ball, location: 2F
0-1: Ball
1-1: Foul Ball, location: 2F
1-2: Foul Ball, location: 2F
1-2: Ball
2-2: Foul Ball, location: 2F
2-2: Ball
3-2: Ground out 5-3 (Groundball, 56S, EV 61.2 MPH)
Bottom of the 3rd over - 0 runs, 0 hits, 0 errors, 0 left on base; Hudsonville 0 - Twinsburg 1
TOP OF THE 4TH
Hudsonville Flanderses batting - Pitching for Twinsburg Tigers : RHP Vicente Zanga
Batting: RHB Jonathan Long 0-0: Called Strike
0-1: Called Strike
0-2: Strikes out looking
Batting: LHB Victor de Bree 0-0: Ball
1-0: Ball
2-0: Swinging Strike
2-1: Foul Ball, location: 2F
2-2: Strikes out looking
Batting: SHB Bailey Stuart 0-0: Foul Ball, location: 2F
0-1: Fly out, F8 (Line Drive, 8RD, EV 86.9 MPH)
Top of the 4th over - 0 runs, 0 hits, 0 errors, 0 left on base; Hudsonville 0 - Twinsburg 1
BOTTOM OF THE 4TH
Twinsburg Tigers batting - Pitching for Hudsonville Flanderses : RHP Kyle Conley
Batting: SHB Sherwin Tacod 0-0: Ball
1-0: Swinging Strike
1-1: Foul Ball, location: 2F
1-2: Ball
2-2: Ball
3-2: Foul Ball, location: 2F
3-2: SINGLE (Groundball, 6MD, EV 98.8 MPH)
Batting: LHB Ole Geenen 0-0: Called Strike
0-1: Ball
1-1: Ball
2-1: Called Strike
2-2: Ball
3-2: Base on Balls
Sherwin Tacod to second
Batting: RHB Art Hensley 0-0: Called Strike
0-1: Ball
1-1: Ball
2-1: Ball
3-1: Base on Balls
Sherwin Tacod to third
Ole Geenen to second
Batting: LHB Ray Winters 0-0: Called Strike
0-1: Ball
1-1: SINGLE (Groundball, 34D, EV 102.5 MPH)
Sherwin Tacod scores
Ole Geenen to third
Art Hensley to second
Batting: RHB Aaron Carter 0-0: Ball
1-0: Foul Ball, location: 2F
1-1: Foul Ball, location: 2F
1-2: Strikes out swinging
Batting: RHB Keith Wilfred 0-0: Ball
1-0: Ball
2-0: Called Strike
2-1: Fly out, F9 (Flyball, 9LD, EV 100.0 MPH)
Batting: RHB Tim Davis 0-0: Ball
1-0: Fly out, F8 (Flyball, 8RM, EV 86.9 MPH)
Bottom of the 4th over - 1 run, 2 hits, 0 errors, 3 left on base; Hudsonville 0 - Twinsburg 2
TOP OF THE 5TH
Hudsonville Flanderses batting - Pitching for Twinsburg Tigers : RHP Vicente Zanga
Batting: RHB Tony Mendoza 0-0: Called Strike
0-1: Foul Ball, location: 2F
0-2: Fly out, F8 (Flyball, 8RD, EV 96.9 MPH)
Batting: LHB Virgil Hughes 0-0: Ball
1-0: Foul Ball, location: 2F
1-1: Ball
2-1: Swinging Strike
2-2: Foul Ball, location: 2F
2-2: Foul Ball, location: 2F
2-2: Ball
3-2: Fly out, F7 (Flyball, 7LMF, EV 108.8 MPH)
Batting: LHB Ben Yunusov 0-0: Ball
1-0: Called Strike
1-1: Swinging Strike
1-2: Strikes out swinging, 2-3 out at first.
Top of the 5th over - 0 runs, 0 hits, 0 errors, 0 left on base; Hudsonville 0 - Twinsburg 2
BOTTOM OF THE 5TH
Twinsburg Tigers batting - Pitching for Hudsonville Flanderses : RHP Kyle Conley
Batting: LHB Keith Garner 0-0: Fly out, F8 (Flyball, 78M, EV 90.0 MPH)
Batting: RHB Alex Kelley 0-0: Ball
1-0: Called Strike
1-1: Ball
2-1: Ground out 5-3 (Groundball, 56, EV 76.9 MPH)
Batting: SHB Sherwin Tacod 0-0: Called Strike
0-1: Foul Ball, location: 2F
0-2: Foul Ball, location: 2F
0-2: Fly out, F8 (Flyball, 8LM, EV 93.8 MPH)
Bottom of the 5th over - 0 runs, 0 hits, 0 errors, 0 left on base; Hudsonville 0 - Twinsburg 2
TOP OF THE 6TH
Hudsonville Flanderses batting - Pitching for Twinsburg Tigers : RHP Vicente Zanga
Batting: RHB Mike Marcus 0-0: Ball
1-0: Ball
2-0: Ground out 6-3 (Groundball, 6, EV 105.6 MPH)
Batting: RHB Danny McElroy 0-0: Called Strike
0-1: Ball
1-1: Ball
2-1: Ball
3-1: Swinging Strike
3-2: Fly out, F8 (Line Drive, 8RM, EV 93.1 MPH)
Batting: LHB Lasse Karsberg 0-0: Ball
1-0: Foul Ball, location: 2F
1-1: Swinging Strike
1-2: Ball
2-2: Strikes out swinging
Top of the 6th over - 0 runs, 0 hits, 0 errors, 0 left on base; Hudsonville 0 - Twinsburg 2
BOTTOM OF THE 6TH
Twinsburg Tigers batting - Pitching for Hudsonville Flanderses : RHP Kyle Conley
Batting: LHB Ole Geenen 0-0: Ball
1-0: Fly out, F9 (Line Drive, 9, EV 88.8 MPH)
Batting: RHB Art Hensley 0-0: Called Strike
0-1: Fly out, F9 (Line Drive, 89M, EV 90.6 MPH)
Batting: LHB Ray Winters 0-0: Ball
1-0: Foul Ball, location: 2F
1-1: Foul Ball, location: 2F
1-2: Strikes out swinging
Bottom of the 6th over - 0 runs, 0 hits, 0 errors, 0 left on base; Hudsonville 0 - Twinsburg 2
TOP OF THE 7TH
Hudsonville Flanderses batting - Pitching for Twinsburg Tigers : RHP Vicente Zanga
Batting: RHB Jonathan Long 0-0: Foul Ball, location: 2F
0-1: Called Strike
0-2: Ball
1-2: Ball
2-2: Ball
3-2: SINGLE (Line Drive, 34D, EV 95.6 MPH)
Pitching: RHP Roland Thomas
Batting: LHB Victor de Bree 0-0: Ball
1-0: Fly out, F9 (Flyball, 9LSF, EV 85.0 MPH)
Batting: SHB Bailey Stuart 0-0: Ball
1-0: Foul Ball, location: 2F
1-1: Swinging Strike
1-2: Ground out 5-3 (Groundball, 56, EV 106.9 MPH)
Jonathan Long to second
Batting: RHB Tony Mendoza 0-0: Called Strike
0-1: Ball
1-1: SINGLE (Line Drive, 7S, EV 91.9 MPH)
Jonathan Long to third
Runner from 3rd tries for Home, SAFE, throw by LF to home
Batting: LHB Virgil Hughes 0-0: Ball
1-0: Ball
2-0: Foul Ball, location: 2F
2-1: Foul Ball, location: 2F
2-2: DOUBLE (Flyball, 8RXD, EV 92.5 MPH)
Tony Mendoza to third
Runner from 3rd tries for Home, SAFE, throw by CF to home
Batting: LHB Ben Yunusov 0-0: Called Strike
0-1: Foul Ball, location: 2F
0-2: Foul Ball, location: 2F
0-2: Foul Ball, location: 2F
0-2: Ball
1-2: Ball
2-2: Foul Ball, location: 2F
2-2: Ball
3-2: SINGLE (Flyball, 7S, EV 85.6 MPH)
Virgil Hughes to third
Virgil Hughes scores
Batting: RHB Mike Marcus 0-0: Fielders Choice at 2nd, 5-4 (Groundball, 5, EV 81.2 MPH)
Top of the 7th over - 3 runs, 4 hits, 0 errors, 1 left on base; Hudsonville 3 - Twinsburg 2
BOTTOM OF THE 7TH
Twinsburg Tigers batting - Pitching for Hudsonville Flanderses : RHP Kyle Conley
Pitching: RHP Ryan Barker
Batting: RHB Aaron Carter 0-0: Ball
1-0: Ball
2-0: Called Strike
2-1: Foul Ball, location: 2F
2-2: Foul Ball, location: 2F
2-2: Fly out, F9 (Flyball, 89S, EV 88.1 MPH)
Batting: RHB Keith Wilfred 0-0: Called Strike
0-1: Hit by Pitch
Pinch Hitting: LHB Rommel Fflunker 0-0: Ball
1-0: Swinging Strike
1-1: Foul Ball, location: 2F
1-2: SINGLE (Flyball, 7LM, EV 96.2 MPH)
Keith Wilfred to second
Pinch Hitting: LHB Bill Wilson 0-0: Foul Ball, location: 2F
0-1: Foul Ball, location: 2F
0-2: Fly out, F8 (Line Drive, 8LM, EV 103.1 MPH)
Batting: RHB Alex Kelley 0-0: Ball
1-0: Ball
2-0: Ball
3-0: Base on Balls
Keith Wilfred to third
Rommel Fflunker to second
Batting: SHB Sherwin Tacod 0-0: Foul Ball, location: 2F
0-1: Ball
1-1: Foul Ball, location: 2F
1-2: Ball
2-2: Ball
3-2: Foul Ball, location: 2F
3-2: Ground out 5-3 (Groundball, 56, EV 83.8 MPH)
Bottom of the 7th over - 0 runs, 1 hit, 0 errors, 3 left on base; Hudsonville 3 - Twinsburg 2
TOP OF THE 8TH
Hudsonville Flanderses batting - Pitching for Twinsburg Tigers : RHP Roland Thomas
Now at 3B: Kevin Pearce
Now in RF: Bill Wilson
Pinch Hitting: RHB Vonne Fajardo 0-0: Ball
1-0: Called Strike
1-1: Ground out 4-3 (Groundball, 4, EV 85.0 MPH)
Batting: LHB Lasse Karsberg 0-0: Ball
1-0: SINGLE (Line Drive, 8LS, EV 88.1 MPH)
Batting: RHB Jonathan Long 0-0: Ball
Wild Pitch!
Lasse Karsberg to second
1-0: SINGLE (Groundball, 6MD, EV 102.5 MPH)
Lasse Karsberg to third
Batting: LHB Victor de Bree 0-0: Ball
Wild Pitch!
Lasse Karsberg scores
Jonathan Long to second
1-0: Intentional Walk
Batting: SHB Bailey Stuart 0-0: Ball
1-0: Called Strike
1-1: SINGLE (Line Drive, 89D, EV 111.2 MPH)
Jonathan Long to third
Victor de Bree to second
Batting: RHB Tony Mendoza 0-0: Ball
1-0: Foul Ball, location: 2F
1-1: Foul Ball, location: 2F
1-2: Ball
2-2: Reached on error, E5 (Groundball, 56S, EV 72.5 MPH)
Jonathan Long scores
Victor de Bree to third
Bailey Stuart to second
Batting: LHB Virgil Hughes 0-0: Single, Error in OF, E8, batter to second base (Groundball, 4MD, EV 98.1 MPH)
Victor de Bree scores
Bailey Stuart scores
Tony Mendoza to third
Batting: LHB Ben Yunusov 0-0: Ground out 4-3 (Groundball, 34, EV 100.6 MPH)
Tony Mendoza scores
Virgil Hughes to third
Batting: RHB Mike Marcus 0-0: Ball
1-0: Fly out, F3 (Popup, 3D, EV 57.5 MPH)
Top of the 8th over - 5 runs, 4 hits, 2 errors, 1 left on base; Hudsonville 8 - Twinsburg 2
BOTTOM OF THE 8TH
Twinsburg Tigers batting - Pitching for Hudsonville Flanderses : RHP Ryan Barker
Now at 3B: Vonne Fajardo
Batting: LHB Ole Geenen 0-0: Foul Ball, location: 2F
0-1: Ball
1-1: Ball
2-1: Foul Ball, location: 2F
2-2: Ball
3-2: SINGLE (Groundball, 4MD, EV 93.8 MPH)
Batting: RHB Art Hensley 0-0: Ball
1-0: Called Strike
1-1: Swinging Strike
1-2: Strikes out looking
Batting: LHB Ray Winters 0-0: Fielders Choice at 2nd, 3-6 (Groundball, 34, EV 88.8 MPH)
Batting: RHB Aaron Carter 0-0: Ball
1-0: Called Strike
1-1: Called Strike
1-2: Ball
2-2: Foul Ball, location: 2F
2-2: Foul Ball, location: 2F
2-2: SINGLE (Groundball, 6MD, EV 99.4 MPH)
Ray Winters to second
Batting: RHB Keith Wilfred 0-0: Ball
1-0: Called Strike
1-1: Swinging Strike
1-2: DOUBLE (Line Drive, 78XD, EV 111.9 MPH)
Ray Winters scores
Aaron Carter to third
Runner from 3rd tries for Home, SAFE, throw by CF to home
Batting: RHB Kevin Pearce 0-0: Ball
1-0: Called Strike
1-1: Fly out, F4 (Popup, 34S, EV 69.4 MPH)
Bottom of the 8th over - 2 runs, 3 hits, 0 errors, 1 left on base; Hudsonville 8 - Twinsburg 4
TOP OF THE 9TH
Hudsonville Flanderses batting - Pitching for Twinsburg Tigers : RHP Roland Thomas
Batting: RHB Vonne Fajardo 0-0: Ball
1-0: Ball
2-0: Ground out 4-3 (Groundball, 4, EV 82.5 MPH)
Batting: LHB Lasse Karsberg 0-0: Ball
1-0: Called Strike
1-1: Ball
2-1: Foul Ball, location: 2F
2-2: Ball
3-2: Foul Ball, location: 2F
3-2: Foul Ball, location: 2F
3-2: Strikes out swinging
Batting: RHB Jonathan Long 0-0: Ball
1-0: SINGLE (Line Drive, 4MD, EV 96.9 MPH)
Batting: LHB Victor de Bree 0-0: Ball
Jonathan Long steals 2nd base
1-0: Ball
2-0: Called Strike
2-1: Foul Ball, location: 2F
2-2: Foul Ball, location: 2F
2-2: Foul Ball, location: 2F
2-2: Foul Ball, location: 2F
2-2: Foul Ball, location: 2F
2-2: Ground out 4-3 (Groundball, 34, EV 105.0 MPH)
Top of the 9th over - 0 runs, 1 hit, 0 errors, 1 left on base; Hudsonville 8 - Twinsburg 4
BOTTOM OF THE 9TH
Twinsburg Tigers batting - Pitching for Hudsonville Flanderses : RHP Ryan Barker
Batting: LHB Bill Wilson 0-0: Swinging Strike
0-1: Fly out, F9 (Flyball, 9S, EV 89.4 MPH)
Batting: RHB Alex Kelley 0-0: Called Strike
0-1: Foul Ball, location: 2F
0-2: Ball
1-2: Foul Ball, location: 2F
1-2: Ball
2-2: Foul Ball, location: 2F
2-2: SINGLE (Groundball, 4MD, EV 100.0 MPH)
Pitching: LHP Bartolo Márquez
Batting: SHB Sherwin Tacod 0-0: Ball
1-0: Foul Ball, location: 2F
1-1: SINGLE (Groundball, 6M, EV 99.4 MPH) (infield hit)
Alex Kelley to second
Batting: LHB Ole Geenen 0-0: Ball
1-0: Swinging Strike
1-1: Called Strike
1-2: Ball
2-2: Strikes out swinging
Batting: RHB Art Hensley 0-0: Called Strike
0-1: Foul Ball, location: 2F
0-2: Ball
1-2: Strikes out swinging
Bottom of the 9th over - 0 runs, 2 hits, 0 errors, 2 left on base; Hudsonville 8 - Twinsburg 4
Friday, March 26th, 2021 - OOTP Baseball 20.8 Build 74